 Dungeon Crawl Stone Soup version 0.31-a0-232-gb1c03b2570 (webtiles) character file.

Game seed: 4465867908077581590

980 qw the Skirmisher (level 8, -3/48 HPs)
             Began as a Gargoyle Hexslinger on July 6, 2023.
             Was an Initiate of Okawaru.
             Slain by an orc warrior
             ... wielding a +0 scimitar
              (16 damage)
             ... on level 6 of the Dungeon.
             The game lasted 00:02:09 (4321 turns).

qw the Skirmisher (Gargoyle Hexslinger)             Turns: 4321, Time: 00:02:09

Health: -3/48      AC: 11    Str: 13    XL:     8   Next: 17%
Magic:  9/9        EV: 11    Int: 13    God:    Okawaru [......]
Gold:   273        SH:  0    Dex: 14    Spells: 8/9 levels left

rFire   + . .        Y - +3 sling
rCold   + . .        (no shield)
rNeg    + . .        l - +0 troll leather armour {Pargi}
rPois   inf          (no helmet)
rElec   +            j - scarf {rC+ rF+}
rCorr   .            (no gloves)
SInv    .            e - +0 pair of boots
Will    .....        (no amulet)
Stlth   +            (no ring)
HPRegen 1.08/turn    (no ring)
MPRegen 0.11/turn

%: no passive effects
@: no status effects
A: sickness immunity, AC +5, negative energy resistance 1, electricity
resistance, torment resistance 1, petrification resistance
a: Renounce Religion


You were on level 6 of the Dungeon.
You worshipped Okawaru.
Okawaru was noncommittal.
You visited 2 branches of the dungeon, and saw 7 of its levels.

You collected 273 gold pieces.


Innate Abilities, Weirdness & Mutations

You are immune to sickness and miasma.
Your stone body is resilient. (AC +5)
You are immune to poison.
You resist negative energy. (rN+)
You are resistant to electric shocks. (rElec)
You are resistant to unholy torment.
You are immune to petrification.


   Skills:
 + Level 4.8 Fighting
 - Level 8.0 Ranged Weapons
 - Level 1.8 Armour
 - Level 1.5 Dodging
 - Level 1.0 Spellcasting
 - Level 2.6 Hexes


You had 8 spell levels left.
You knew the following spells:

 Your Spells              Type           Power      Damage    Failure   Level
a - Slow                  Hex            28%        N/A       12%         1

Your spell library contained the following spells:

 Spells                   Type           Power      Damage    Failure   Level
 Inner Flame              Hex/Fire       4%         N/A       52%         3
 Portal Projectile        Hex/Tloc       8%         N/A       52%         3
 Cause Fear               Hex            3%         N/A       75%         4

Inventory:

Hand Weapons
 Y - a +3 sling (weapon)
Armour
 e - a +0 pair of boots (worn)
 h - a +3 ring mail of fire resistance
 j - a scarf of resistance (worn)
 l - a +0 troll leather armour (worn) {Pargi}
Jewellery
 d - a ring of fire
Scrolls
 a - a scroll of identify
Potions
 b - a potion of might
 g - a potion of berserk rage {unknown}
 i - 2 potions of curing

Dungeon Overview and Level Annotations

Branches:
Dungeon (6/15)             Temple (1/1) D:5

Altars:
Ashenzari
Cheibriados
Dithmenos
Elyvilon
Fedhas
Gozag
Hepliaklqana
Makhleb
Nemelex Xobeh
Okawaru
Qazlal
Ru
Sif Muna
Trog
Uskayaw
Vehumet
Wu Jian
Xom
Yredelemnul
Zin
The Shining One

Annotations:
D:4 1 runed translucent door, qw's ghost, weakling MiHs


Message History

You shoot a sling bullet. The sling bullet hits the orc!
You kill the orc!
Okawaru accepts your kill.
The orc wizard gestures at you while chanting.
You are confused.
4314 ||| DRINKING 4 potions of curing.
You feel better.
4314 ||| (to cure confusion)
You shoot a sling bullet. The sling bullet hits the orc warrior.
The orc warrior is moderately wounded.
You shoot a sling bullet. The sling bullet hits the orc warrior.
The orc warrior is moderately wounded.
An orc comes into view. It is wielding a +0 flail.
The orc wizard points at you and mumbles some strange words.
You are confused.
4317 ||| DRINKING 3 potions of curing.
You feel better.
4317 ||| (to cure confusion)
The orc shouts!
The orc wizard points at you and mumbles some strange words.
The puff of flame hits you but does no damage.
You shoot a sling bullet.
The sling bullet hits the orc warrior but does no damage.
The orc warrior is moderately wounded.
An orc comes into view. It is wielding a +0 mace.
You shoot a sling bullet. The orc shouts!
The sling bullet hits the orc warrior.
The orc warrior is moderately wounded.
You hear a shout!
The orc warrior hits you with a +0 scimitar!
An orc comes into view. It is wielding a +0 club.
You shoot a sling bullet.
The sling bullet closely misses the orc warrior.
The orc warrior hits you but does no damage.
You shoot a sling bullet.
The sling bullet hits the orc warrior but does no damage.
The orc warrior is moderately wounded.
The orc wizard casts a spell at you. The puff of flame hits you. You resist.
The orc warrior hits you with a +0 scimitar!
You die...

### ##.### ### .o{o.#.
#.## ..)....... ##..##
##..##.##..####.o..######
.............oo@.o.).o..
..............##..#####
#............. ####
#............
............ .. .


You could see an orc warrior, an orc wizard and 3 orcs.

Vanquished Creatures
  A wyvern (D:5)
  Pargi (D:3)
  An ice beast (D:3)
  A black bear (D:5)
  2 scorpions (D:5)
  A howler monkey (D:6)
  3 hounds
  Ijyb (D:5)
  Terence (D:2)
  An iguana (D:4)
  An orc wizard (D:4)
  7 adders
  2 gnolls (D:6)
  A worm (D:5)
  5 dart slugs
  23 orcs
  8 endoplasms
  3 giant cockroaches
  7 goblins
  10 hobgoblins
  5 jackals
  5 quokkas
  10 ball pythons
  3 bats
  5 frilled lizards
  4 kobolds
  8 rats
120 creatures vanquished.

Notes
Turn   | Place    | Note
-------+----------+-------------------------------------------
     0 | D:1      | qw the Gargoyle Hexslinger began the quest for the Orb.
     0 | D:1      | Reached XP level 1. HP: 12/12 MP: 2/2
     0 | D:1      | 0 ||| qw: Version: 0.3-a-46-gb1f654a
     0 | D:1      | 0 ||| qw: Game counter: 2024
     0 | D:1      | 0 ||| qw: Melee chars always use a shield: true
     0 | D:1      | 0 ||| qw: God list: Okawaru
     0 | D:1      | 0 ||| qw: Allow faded altars: false
     0 | D:1      | 0 ||| qw: Do Orc after clearing Dungeon:15 true
     0 | D:1      | 0 ||| qw: Do second Lair branch before Depths: true
     0 | D:1      | 0 ||| qw: Lair rune preference: random
     0 | D:1      | 0 ||| qw: Goals: Normal
     0 | D:1      | 0 ||| PLANNING D:1-11
   106 | D:1      | Reached XP level 2. HP: 16/16 MP: 3/3
   354 | D:1      | Reached skill level 3 in Ranged Weapons
   516 | D:1      | Reached XP level 3. HP: 19/21 MP: 4/4
   715 | D:1      | 715 ||| UPGRADING to +0 ring mail.
   725 | D:1      | 725 ||| DROPPING +0 robe.
   726 | D:1      | 726 ||| READING scroll labelled AMUVAQ OKLAUBA.
   727 | D:1      | 727 ||| READING scroll labelled QIPROS VUNAEJI.
   728 | D:1      | 728 ||| READING scroll labelled GIPNASKITIG.
   732 | D:1      | 732 ||| DRINKING 2 yellow potions.
   733 | D:1      | 733 ||| DROPPING scroll of poison.
   929 | D:2      | Reached XP level 4. HP: 17/26 MP: 5/5
   983 | D:2      | Reached skill level 4 in Ranged Weapons
  1172 | D:2      | Noticed Terence
  1185 | D:2      | HP: 6/26 [Terence/+1 hand axe of flaming (3)]
  1186 | D:2      | 1186 ||| READING 2 scrolls of teleportation.
  1187 | D:2      | Killed Terence
  1188 | D:2      | Reached skill level 1 in Armour
  1346 | D:2      | 1346 ||| READING 4 scrolls labelled QYNIK FOKKAO.
  1347 | D:2      | 1347 ||| READING scroll labelled TOOHEL EDAFIU.
  1348 | D:2      | 1348 ||| READING scroll labelled NYORENOEZYLA.
  1349 | D:2      | 1349 ||| DRINKING 2 brown potions.
  1350 | D:2      | 1350 ||| READING 3 scrolls of identify.
  1350 | D:2      | 1350 ||| IDENTIFYING metallic clear potion
  1351 | D:2      | 1351 ||| READING 2 scrolls of identify.
  1351 | D:2      | 1351 ||| IDENTIFYING golden potion
  1352 | D:2      | 1352 ||| DROPPING potion of attraction.
  1385 | D:3      | Reached XP level 5. HP: 30/30 MP: 6/6
  1408 | D:3      | Found a sacrificial altar of Ru.
  1434 | D:3      | Found a stormy altar of Qazlal.
  1475 | D:3      | Noticed an ice beast
  1495 | D:3      | Killed an ice beast
  1496 | D:3      | Reached skill level 5 in Ranged Weapons
  1496 | D:3      | Reached XP level 6. HP: 18/35 MP: 7/7
  1896 | D:3      | Noticed Pargi
  1912 | D:3      | Killed Pargi
  1913 | D:3      | Reached skill level 3 in Fighting
  2040 | D:3      | 2040 ||| UPGRADING to scarf of resistance.
  2045 | D:3      | 2045 ||| UPGRADING to +0 troll leather armour {Pargi}.
  2055 | D:3      | 2055 ||| DROPPING +0 ring mail.
  2056 | D:3      | 2056 ||| READING scroll labelled ONYEMO ZOJOB.
  2064 | D:3      | 2064 ||| READING scroll labelled LEHEHA PIRRAOD.
  2065 | D:3      | 2065 ||| READING 2 scrolls of identify.
  2065 | D:3      | 2065 ||| IDENTIFYING viscous sapphire potion
  2066 | D:3      | 2066 ||| DROPPING potion of brilliance.
  2192 | D:4      | Reached skill level 6 in Ranged Weapons
  2192 | D:4      | Reached XP level 7. HP: 24/42 MP: 8/8
  2330 | D:4      | Found a runed translucent door.
  2331 | D:4      | Noticed qw's ghost (weakling MiHs)
  2592 | D:4      | 2592 ||| READING scroll of enchant weapon.
  2592 | D:4      | 2592 ||| ENCHANTING +2 sling.
  2980 | D:4      | 2980 ||| UPGRADING to +0 pair of boots.
  3037 | D:5      | Entered Level 5 of the Dungeon
  3038 | D:5      | Noticed a wyvern
  3048 | D:5      | Killed a wyvern
  3101 | D:5      | Reached skill level 7 in Ranged Weapons
  3262 | D:5      | Reached XP level 8. HP: 48/48 MP: 9/9
  3263 | D:5      | Found a staircase to the Ecumenical Temple.
  3264 | D:5      | 3264 ||| PLANNING TEMPLE
  3272 | Temple   | Entered the Ecumenical Temple
  3273 | Temple   | 3273 ||| PLANNING OKAWARU WORSHIP
  3948 | Temple   | Became a worshipper of Warmaster Okawaru
  3949 | Temple   | 3949 ||| PLANNING D:1-11
  4132 | D:5      | Noticed Ijyb
  4159 | D:5      | Killed Ijyb
  4160 | D:5      | Reached skill level 8 in Ranged Weapons
  4201 | D:5      | 4201 ||| READING scroll labelled NAWYIQILEU.
  4276 | D:6      | HP: 1/48 [orc warrior/+0 scimitar (13)]
  4277 | D:6      | 4277 ||| READING 2 scrolls of teleportation.
  4278 | D:6      | 4278 ||| DRINKING 2 potions of heal wounds.
  4279 | D:6      | 4279 ||| DRINKING potion of heal wounds.
  4280 | D:6      | 4280 ||| DRINKING 5 potions of curing.
  4280 | D:6      | 4280 ||| (to cure confusion)
  4307 | D:6      | HP: 10/48 [gnoll/+0 spear (8)]
  4308 | D:6      | 4308 ||| READING scroll of teleportation.
  4311 | D:6      | 4311 ||| FLEEEEING.
  4311 | D:6      | HP: 2/48 [orc warrior/boomerang (5)]
  4314 | D:6      | 4314 ||| DRINKING 4 potions of curing.
  4314 | D:6      | 4314 ||| (to cure confusion)
  4317 | D:6      | 4317 ||| DRINKING 3 potions of curing.
  4317 | D:6      | 4317 ||| (to cure confusion)
  4319 | D:6      | HP: 12/48 [orc warrior/+0 scimitar (13)]
  4321 | D:6      | Slain by an orc warrior

Levels and vault maps discovered:
D:1:      scummos_arrival_star, layout_basic
D:2:      layout_rooms, minmay_hexomino_c4, uniq_terence
D:3:      layout_rooms, overflow_temple_1_default, mainiacjoe_overflow_brackets,
          uniq_pargi
D:4:      layout_gridville, hellmonk_ghost_happy_afterlife,
          nicolae_zen_rock_garden
D:5:      layout_rooms, minmay_temple_entry_offerings, uniq_ijyb
D:6:      layout_cave_pools, mainiacjoe_overflow_concentric_impassable,
          chequers_serial_rivers_small_b, dreamdust_princess_bridge,
          minivault_14, uniq_duvessa, uniq_sigmund, uniq_blork_the_orc
Temple:   compressed_dpeg_triangle_lava_temple

Skill      XL: |  1  2  3  4  5  6  7  8 |
---------------+-------------------------+-----
Ranged Weapons | 3 4 5 6 7 8 |  8.0
Fighting       | 2 3 4 |  4.8
Armour         | 1 |  1.8
Dodging        | |  1.5
Spellcasting   | |  1.0
Hexes          | |  2.6

Action                     |  1- 3 |  4- 6 |  7- 9 || total
---------------------------+-------+-------+-------++-------
   Fire: Sling             |   107 |   200 |   205 ||   512
    Use: Scroll            |     3 |     9 |     4 ||    16
         Potion            |     1 |     1 |     5 ||     7
 Armour: Robe              |     6 |       |       ||     6
         Ring mail         |    29 |    61 |       ||    90
         Troll leather arm |       |    20 |    82 ||   102
  Dodge: Dodged            |    36 |    87 |    97 ||   220

Table legend:
 A = Non-vault XP
 B = Vault XP
 C = Vault XP percentage of total XP
 D = Non-vault monster count
 E = Vault monster count
 F = Vault count percentage of total count
                 A         B        C        D         E       F
            +---------+---------+-------+---------+---------+-------
      Total |    1154 |     247 |  17.6 |     109 |      11 |   9.2
            +---------+---------+-------+---------+---------+-------
        D:1 |      37 |       0 |   0.0 |      23 |       0 |   0.0
        D:2 |      52 |      75 |  59.1 |      16 |       9 |  36.0
        D:3 |     226 |     136 |  37.6 |      27 |       1 |   3.6
        D:4 |     159 |       0 |   0.0 |      22 |       0 |   0.0
        D:5 |     524 |      36 |   6.4 |      13 |       1 |   7.1
        D:6 |     156 |       0 |   0.0 |       8 |       0 |   0.0
            +---------+---------+-------+---------+---------+-------
